 Dungeon Crawl Stone Soup version 0.29-a0-668-g12ee2bf84d (console) character file.

Game seed: 10334769963347626921

1423 om the Martial Artist (level 8, -3/58 HPs)
             Began as a Merfolk Transmuter on June 23, 2022.
             Was an Initiate of Gozag.
             Slain by a steam dragon (10 damage)
             ... on level 6 of the Dungeon.
             The game lasted 00:10:41 (7031 turns).

om the Martial Artist (Merfolk Transmuter)          Turns: 7031, Time: 00:10:41

Health: -3/58      AC:  3    Str: 18    XL:     8   Next: 72%
Magic:  12/12      EV: 12    Int: 13    God:    Gozag
Gold:   417        SH:  0    Dex: 14    Spells: 7/13 levels left

rFire   . . .      SeeInvis .     - Unarmed
rCold   . . .      Faith    .   (no shield)
rNeg    . . .      Spirit   .   a - +1 robe
rPois   +          Reflect  .   (helmet currently unavailable)
rElec   .          Harm     .   (no cloak)
rCorr   .          Rampage  .   (no gloves)
Will    .....                   (boots currently unavailable)
Stlth   +.........              (no amulet)
HPRegen 0.19/turn               f - ring of poison resistance
MPRegen 0.13/turn               t - +6 ring of strength

@: appendages
A: horns 2, (nimble swimmer 2), mertail
a: End Transformation, Renounce Religion, Potion Petition, Call Merchant, Bribe
Branch


You were on level 6 of the Dungeon.
You worshipped Gozag.
Gozag was aware of your devotion.
You had temporarily grown beastly horns.
You visited 2 branches of the dungeon, and saw 7 of its levels.

You collected 475 gold pieces.
You paid 58 gold pieces to Gozag.

Inventory:

Armour
 a - a +1 robe (worn)
 q - a +1 scale mail of poison resistance
Jewellery
 c - a ring of fire
 d - a ring of protection from fire
 f - a ring of poison resistance (left hand)
 i - a ring of protection from fire
 t - a +6 ring of strength (right hand)
Wands
 j - a wand of digging (4)
 k - a wand of quicksilver (8)
Scrolls
 g - 4 scrolls of teleportation
 h - 2 scrolls of magic mapping
 m - 2 scrolls of enchant armour
 n - a scroll of noise {unknown}
 p - a scroll of blinking
Potions
 b - a potion of haste
 e - a potion of curing
 o - 2 potions of resistance
 r - a potion of flight {unknown}


   Skills:
 - Level 3.0 Fighting
 * Level 4.7 Armour
 - Level 2.6 Dodging
 - Level 8.0 Unarmed Combat
 - Level 3.0 Spellcasting
 - Level 5.0 Transmutations


You had 7 spell levels left.
You knew the following spells:

 Your Spells              Type           Power      Damage    Failure   Level
a - Beastly Appendage     Tmut           28%        N/A       3%          1
b - Wereblood             Tmut           14%        N/A       4%          2
c - Spider Form           Tmut/Pois      8%         N/A       24%         3

Your spell library contained the following spells:

 Spells                   Type           Power      Damage    Failure   Level
 Summon Small Mammal      Summ           4%         N/A       22%         1
 Ensorcelled Hibernation  Hex/Ice        2%         N/A       34%         2
 Call Canine Familiar     Summ           1%         N/A       56%         3
 Ozocubu's Armour         Ice            1%         N/A       56%         3
 Stone Arrow              Conj/Erth      2%         3d7       56%         3
 Summon Guardian Golem    Hex/Summ       1%         N/A       56%         3
 Ice Form                 Ice/Tmut       8%         N/A       63%         4
 Anguish                  Hex/Necr       0%         N/A       92%         4
 Animate Armour           Summ/Erth      2%         N/A       92%         4
 Ozocubu's Refrigeration  Ice            0%         4d5       100%        7
 Lehudib's Crystal Spear  Conj/Erth      0%         10d2      100%        8


Dungeon Overview and Level Annotations

Branches:
Dungeon (6/15)             Temple (1/1) D:4

Altars:
Ashenzari
Cheibriados
Dithmenos
Elyvilon
Fedhas
Gozag
Hepliaklqana
Kikubaaqudgha
Makhleb
Okawaru
Qazlal
Ru
Sif Muna
Trog
Uskayaw
Vehumet
Wu Jian
Zin
The Shining One
Beogh

Shops:
D:2 =   D:5 :


Innate Abilities, Weirdness & Mutations

You have temporarily grown beastly horns.
((You are very nimble when in or above water. (Stealth+, EV+, Speed+++)))
Your lower body shifts to a powerful aquatic tail in water.


Message History

You hit the ogre.
The ogre is heavily wounded.
You punch the ogre!
You kill the ogre!
You now have 417 gold pieces (gained 14).
You see here a +0 giant spiked club.
No target in view!
Your transformation is almost over.
Your horns disappear.
A steam dragon comes into view.
A steam dragon is nearby!
You grow a pair of large bovine horns.
The steam dragon hisses angrily.
The steam dragon breathes steam at you. The ball of steam misses you.
You hear an angry hiss.
You are engulfed in a cloud of scalding steam.
The steam dragon breathes steam at you. The ball of steam misses you.
You are engulfed in a cloud of scalding steam.
You are engulfed in a cloud of scalding steam.
The steam dragon bites you! The steam dragon closely misses you.
You closely miss the steam dragon. You punch the steam dragon.
The steam dragon is lightly wounded.
You are engulfed in a cloud of scalding steam.
The steam dragon bites you. The steam dragon claws you.
You are too injured to fight recklessly!
You closely miss the steam dragon.
The steam dragon is lightly wounded.
The steam dragon breathes steam at you. The ball of steam hits you!!
* * * LOW HITPOINT WARNING * * *
You hear an angry hiss.
Unknown command.
You feel better.
You are engulfed in a cloud of scalding steam.
* * * LOW HITPOINT WARNING * * *
The steam dragon bites you!
You die...
Your body crumbles into a pile of gold.

#.#
#.####.# $
#......# ##
#.###### #≈
$ #.# #≈.
#.##
#≈.#####..#
#≈.§§§###.#
#§§@..#§.#
#≈.D.....#
#≈≈...#.##
##≈≈.####
#####


You could see a steam dragon (catching breath).

Vanquished Creatures
  Grinder (D:4)
  A water moccasin (D:5)
  2 black bears (D:6)
  2 ogres
  2 phantoms (D:5)
  A bullfrog (D:6)
  A necrophage (D:5)
  3 hounds
  A jelly (D:5)
  Jessica (D:2)
  2 iguanas
  An orc wizard (D:5)
  9 adders
  9 gnolls
  A white imp (D:3)
  4 ufetubi
  An adder skeleton (D:2)
  A worm (D:5)
  4 dart slugs
  6 orcs
  7 endoplasms
  7 giant cockroaches
  5 goblins
  11 hobgoblins
  4 quokkas
  11 ball pythons
  2 ball python skeletons (D:2)
  5 bats
  2 frilled lizards
  A giant cockroach zombie (D:2)
  A jackal skeleton (D:2)
  3 kobolds
  2 quokka zombies (D:2)
  8 rats
122 creatures vanquished.

Vanquished Creatures (others)
  A plant (D:1)
  5 toadstools (D:1)
  2 withered plants (D:2)
8 creatures vanquished.

Grand Total: 130 creatures vanquished

Notes
Turn   | Place    | Note
-------+----------+-------------------------------------------
     0 | D:1      | om the Merfolk Transmuter began the quest for the Orb.
     0 | D:1      | Reached XP level 1. HP: 15/15 MP: 3/3
   369 | D:1      | Reached XP level 2. HP: 20/21 MP: 3/5
   373 | D:1      | Reached skill level 4 in Unarmed Combat
   684 | D:1      | Reached XP level 3. HP: 26/26 MP: 6/6
   700 | D:1      | Learned a level 2 spell: Wereblood
   704 | D:1      | Learned a level 3 spell: Spider Form
  1222 | D:1      | Found a faded altar of an unknown god.
  1288 | D:1      | Reached skill level 5 in Unarmed Combat
  1568 | D:2      | Found a shimmering blue altar of Sif Muna.
  1616 | D:2      | Reached XP level 4. HP: 30/32 MP: 2/7
  1684 | D:2      | Found Zisen's Jewellery Shoppe.
  2040 | D:2      | Noticed Jessica
  2049 | D:2      | Killed Jessica
  2665 | D:3      | Reached skill level 6 in Unarmed Combat
  2861 | D:3      | Reached XP level 5. HP: 37/37 MP: 6/8
  3802 | D:4      | Noticed Grinder
  3817 | D:4      | Reached skill level 1 in Armour
  3817 | D:4      | Paralysed by Grinder for 2 turns
  3868 | D:4      | Reached XP level 6. HP: 13/44 MP: 7/9
  4250 | D:4      | Paralysed by Grinder for 5 turns
  4269 | D:4      | Killed Grinder
  4495 | D:4      | Found a staircase to the Ecumenical Temple.
  4510 | Temple   | Entered the Ecumenical Temple
  4610 | Temple   | Became a worshipper of Gozag Ym Sagoz the Greedy
  4820 | D:5      | Entered Level 5 of the Dungeon
  4834 | D:5      | Reached XP level 7. HP: 25/51 MP: 11/11
  4836 | D:5      | Reached skill level 7 in Unarmed Combat
  5533 | D:5      | Noticed a +0 short sword
  5533 | D:5      | Noticed a +0 spear
  5533 | D:5      | Noticed a +0 spear
  5537 | D:5      | Noticed a +0 dagger
  5537 | D:5      | Noticed a +0 dagger
  5537 | D:5      | Noticed a +0 falchion
  5540 | D:5      | Noticed a +0 short sword
  5540 | D:5      | Noticed a +0 falchion
  5609 | D:5      | Found a hide-covered altar of Uskayaw.
  5740 | D:5      | Reached XP level 8. HP: 43/58 MP: 12/12
  5835 | D:5      | Reached skill level 8 in Unarmed Combat
  5969 | D:5      | Found Udompizo's Book Emporium.
  6974 | D:6      | Reached skill level 5 in Transmutations
  7030 | D:6      | HP: 2/58 [steam dragon/ball of steam (18)]
  7031 | D:6      | Slain by a steam dragon

Illustrated notes

Levels and vault maps discovered:
D:1:      ldierk_walled_garden, layout_loops_cross,
          hellmonk_ecumenical_altar_defaced_shrine, serial_forest,
          infiniplex_forest_lined_room_2, infiniplex_forest_corner_1,
          infiniplex_forest_end_3, infiniplex_forest_straight_3,
          infiniplex_forest_clump_diagonal, infiniplex_forest_end_1,
          minmay_tetromino_i2
D:2:      layout_loops_ring, serial_undead, serial_undead_d, serial_undead_c,
          serial_undead_b, serial_undead_a, serial_undead_b, serial_undead_f,
          serial_undead_e, serial_shops, nicolae_shop_window_shopping,
          basic_altar, minmay_misc_feat_room, minmay_circle_x, uniq_jessica
D:3:      layout_rooms, saegor_snake_ambush
D:4:      layout_cave_pools, minmay_temple_entry_statues_pillars,
          nicolae_figureground_pulse, uniq_grinder
D:5:      layout_basic, nicolae_uskayaw_en_pointe, serial_shops,
          nicolae_stop_n_shop_2, cheibrodos_gnoll_hut
D:6:      cheibrodos_steamvent, layout_basic, lemuel_zombie_altar_yredelemnul
Temple:   compressed_dpeg_circular_temple

Skill      XL: |  1  2  3  4  5  6  7  8 |
---------------+-------------------------+-----
Unarmed Combat | 4 5 6 7 8 |  8.0
Armour         | 1 3 4 |  4.7
Fighting       | 2 3 |  3.0
Spellcasting   | 3 |  3.0
Transmutations | 5 |  5.0
Dodging        | |  2.6

Action                   |  1- 3 |  4- 6 |  7- 9 || total
-------------------------+-------+-------+-------++-------
Melee: Unarmed           |    85 |   172 |   132 ||   389
       Headbutt          |    12 |    18 |    17 ||    47
       Punch             |     2 |     9 |     6 ||    17
       Tailslap          |       |     3 |       ||     3
 Cast: Beastly Appendage |    14 |    35 |    20 ||    69
       Wereblood         |     2 |     4 |     3 ||     9
       Spider Form       |       |       |     1 ||     1
  Use: Potion            |     1 |     3 |     1 ||     5
       Scroll            |       |     6 |     5 ||    11
 Stab: Sleeping          |     1 |     6 |       ||     7
Armor: Robe              |    17 |    28 |    15 ||    60
       Skin              |     4 |       |       ||     4
Dodge: Dodged            |    50 |   116 |    87 ||   253

Table legend: (Time is in decaauts)
 A = Elapsed time spent in this place.
 B = Non-inter-level travel time spent in this place.
 C = Inter-level travel time spent in this place.
 D = Time resting spent in this place.
 E = Time spent auto-exploring this place.
 F = Levels seen in this place.
 G = Mean time per level.
                   A        B        C        D        E       F      G
               +--------+--------+--------+--------+--------+-----+--------+
         Total |   6955 |   6668 |    287 |   1533 |   4002 |   7 |  993.6 |
       Dungeon |   6823 |   6575 |    248 |   1533 |   3924 |   6 | 1137.2 |
        Temple |    131 |     93 |     38 |      0 |     78 |   1 |  131.0 |
               +--------+--------+--------+--------+--------+-----+--------+

Top non-repeatable levels by time:
     D:1: 1605 daAuts
     D:5: 1576 daAuts
     D:2: 1174 daAuts
     D:4: 1137 daAuts
     D:3: 877 daAuts
     D:6: 452 daAuts
  Temple: 131 daAuts
